 Dungeon Crawl Stone Soup version 0.26.1-11-gd32895ea62 (webtiles) character file.

Game seed: 8992643380860666205

122 ruildragonbane the Chopper (level 5, 0/47 HPs)
             Began as a Hill Orc Berserker on July 24, 2021.
             Was a Believer of Trog.
             Killed from afar by an orc wizard (6 damage)
             ... with a magic dart
             ... on level 3 of the Dungeon.
             The game lasted 00:10:30 (2316 turns).

ruildragonbane the Chopper (Hill Orc Berserker)     Turns: 2316, Time: 00:10:31

Health: 0/47       AC:  2    Str: 21    XL:     5   Next: 6%
Magic:  5/5        EV: 12    Int:  7    God:    Trog [**....]
Gold:   92         SH:  0    Dex: 10    Spells: 4/4 levels left

rFire    . . .     SeeInvis .   a - +0 hand axe
rCold    . . .     Faith    .   (no shield)
rNeg     . . .     Spirit   .   b - +0 animal skin
rPois    .         Reflect  .   (no helmet)
rElec    .         Harm     .   (no cloak)
rCorr    .         Rampage  .   (no gloves)
Will     +....                  (no boots)
Stlth    +.........             (no amulet)
HPRegen  0.15/turn              d - ring of willpower
MPRegen  0.09/turn              (no ring)

@: berserk cooldown, slowed, very slow
A: no striking features
a: Renounce Religion, Berserk, Trog's Hand


You were on level 3 of the Dungeon.
You worshipped Trog.
Trog was pleased with you.
You visited 1 branch of the dungeon, and saw 3 of its levels.

You collected 92 gold pieces.

Inventory:

Hand Weapons
 a - a +0 hand axe (weapon)
Armour
 b - a +0 animal skin (worn)
 f - a +0 ring mail
 l - a cursed +0 ring mail
Jewellery
 d - a ring of willpower (left hand)
Wands
 p - a wand of flame (20)
Scrolls
 c - a scroll of enchant armour {unknown}
 e - 5 scrolls of remove curse {unknown}
 h - 2 scrolls of teleportation {unknown}
 i - 3 scrolls of identify {unknown}
 j - 2 scrolls of blinking {unknown}
 n - a scroll of random uselessness {unknown}
Potions
 g - 2 potions of might {unknown}
 k - a potion of ambrosia {unknown}
 m - a potion of heal wounds {unknown}
 o - a potion of flight {unknown}


   Skills:
 + Level 4.9 Fighting
 + Level 5.6 Axes
 + Level 2.2 Armour
 + Level 2.4 Dodging


You had 4 spell levels left.
You didn't know any spells.
Your spell library was empty.

Dungeon Overview and Level Annotations

Branches:
Dungeon (3/15)

Altars:


Message History

You resist with almost no effort. The orc wizard barely misses you.
The orc hits you with a +0 whip.
You slash the orc wizard!
The orc wizard is almost dead.
You hit the orc. The orc wizard misses you.
The orc wizard hits you but does no damage.
The orc hits you with a +0 whip!
* * * LOW HITPOINT WARNING * * *
The orc wizard hits you but does no damage.
You barely miss the orc wizard.
The orc wizard is severely wounded.
You hit the orc but do no damage.
The orc wizard gestures wildly while chanting.
The orc wizard blinks!
The orc hits you with a +0 whip.
* * * LOW HITPOINT WARNING * * *
The orc hits you with a +0 whip.
* * * LOW HITPOINT WARNING * * *
The orc wizard points at you and mumbles some strange words.
The magic dart hits you.
You die...

#...... # #####......
.. #.......... ...
#######.### .... #.†.#
.....#############.###
..............(...>#
.#####o############
#@# #.# #o# #o#


.bl ..... #.....# ###.### #.# You could see an orc wizard (fast), 2 orcs, a bat
and a frilled lizard.

Vanquished Creatures
  4 adders (D:2)
  2 oozes (D:2)
  5 leopard geckos
  An orc (D:3)
  A ball python (D:2)
  2 giant cockroaches
  11 goblins
  4 hobgoblins
  4 jackals (D:2)
  A quokka (D:2)
  2 bats (D:1)
  5 frilled lizards
  2 kobolds
  4 rats
48 creatures vanquished.

Vanquished Creatures (others)
  An orc wizard (D:3)
1 creature vanquished.

Grand Total: 49 creatures vanquished

Notes
Turn   | Place    | Note
-------+----------+-------------------------------------------
     0 | D:1      | ruildragonbane the Hill Orc Berserker began the quest for
                  | the Orb.
     0 | D:1      | Reached XP level 1. HP: 19/19 MP: 1/1
   376 | D:1      | Reached XP level 2. HP: 26/27 MP: 2/2
   921 | D:1      | Reached XP level 3. HP: 28/33 MP: 3/3
  1076 | D:2      | Reached ** piety under Trog
  1206 | D:2      | Reached skill level 5 in Axes
  1207 | D:2      | Reached XP level 4. HP: 33/41 MP: 4/4
  2310 | D:3      | Reached XP level 5. HP: 22/47 MP: 5/5
  2316 | D:3      | Killed from afar by an orc wizard

Illustrated notes

Levels and vault maps discovered:
D:1:      elethiomel_arrival_maze, layout_basic, grunt_decor_mini_mirrors,
          minmay_misc_feat_columns
D:2:      layout_rooms, chequers_serial_rivers_micro_d
D:3:      layout_basic, lemuel_coloured_pillars_altar, uniq_terence

Skill      XL: |  1  2  3 |
---------------+----------+-----
Fighting       | 4 |  4.9
Dodging        | 2 |  2.4
Axes           | 5 |  5.6
Armour         | |  2.2

Action                   |  1- 3 |  4- 6 || total
-------------------------+-------+-------++-------
Melee: Hand axe          |    62 |    62 ||   124
Invok: Berserk           |     2 |     2 ||     4
Armor: Animal skin       |     9 |     9 ||    18
Dodge: Dodged            |    34 |    43 ||    77
